 Dungeon Crawl Stone Soup version 0.21-a0-507-ga8f6b7a (webtiles) character file.

179 slep the Skirmisher (level 5, -4/44 HPs)
             Began as a Demonspawn Fighter on Nov 28, 2017.
             Killed by divine providence
             ... invoked by an orc priest
              (11 damage)
             ... on level 3 of the Dungeon.
             The game lasted 00:08:48 (1681 turns).

slep the Skirmisher (Demonspawn Fighter)            Turns: 1681, Time: 00:08:49

Health: -4/44      AC:  7    Str: 17    XL:     5   Next: 32%
Magic:  10/10      EV:  9    Int:  9    God:
Gold:   66         SH:  9    Dex: 13    Spells: 10/10 levels left

rFire    + . .     SeeInvis .   a - +0 trident
rCold    . . .     Gourm    .   c - +0 shield
rNeg     . . .     Faith    .   b - +0 scale mail
rPois    .         Spirit   .   (helmet restricted)
rElec    .         Reflect  .   (no cloak)
rCorr    .         Harm     .   (no gloves)
MR       .....                  (no boots)
Stlth    ..........             l - amulet of inaccuracy (curse)
HPRegen  0.14/turn              (no ring)
MPRegen  0.12/turn              (no ring)

@: lethally poisoned (-4 -> -21)
A: horns 1, fire resistance 1, flame cloud immunity
a: no special abilities


You were on level 3 of the Dungeon.
You were not hungry.

You visited 1 branch of the dungeon, and saw 3 of its levels.

You collected 66 gold pieces.

Inventory:

Hand Weapons
 a - a +0 trident (weapon)
 p - a +0 blowgun
Armour
 b - a +0 scale mail (worn)
 c - a +0 shield (worn)
 j - a +0 helmet
Jewellery
 l - a cursed amulet of inaccuracy (around neck)
Wands
 r - a wand of random effects (22)
Scrolls
 e - 3 scrolls of identify {unknown}
 g - 2 scrolls of teleportation {unknown}
 i - a scroll of fear {unknown}
 q - a scroll of immolation {unknown}
Potions
 d - a potion of might
 h - a potion of lignification
 k - 2 potions of mutation {unknown}
 m - a potion of experience
 n - a potion of brilliance {unknown}
Comestibles
 f - a bread ration
 o - a meat ration
 s - 4 chunks of flesh


   Skills:
 + Level 5.1 Fighting
 + Level 4.4 Polearms
 + Level 3.3 Throwing
 + Level 4.8 Armour
 + Level 3.3 Dodging
 + Level 4.8 Shields
 + Level 3.3 Spellcasting


You had 10 spell levels left.
You didn't know any spells.

Dungeon Overview and Level Annotations

Branches:
Dungeon (3/15)

Altars:
Vehumet
Yredelemnul

Annotations:
D:3 Papajoes's ghost, weakling VSBe


Innate Abilities, Weirdness & Mutations

You have a pair of small horns on your head.
Your flesh is heat resistant. (rF+)
You are immune to clouds of flame.


Message History

You feel sick.
Your scale mail prevents you from hitting the orc.
* * * LOW HITPOINT WARNING * * *
You feel sick.
The orc priest looks braver for a moment.
The orc hits you but does no damage.
* * * LOW HITPOINT WARNING * * *
You feel sick.
* * * LOW HITPOINT WARNING * * *
You feel sick.
The orc priest looks encouraged for a moment.
The orc throws a tomahawk.
The tomahawk hits you but does no damage.
There is a stone staircase leading down here.
You see here a tomahawk.
* * * LOW HITPOINT WARNING * * *
You feel sick.
The orc priest mumbles some strange prayers to Beogh against you.
Beogh smites you!
You die...

##.... .#.#...
....... #....)$
#....... ..# #.##...
#.#
#.##.o)#############
#.# #.#
.#o.@).........
#.####.#
#.#.####(####.#
#......###.#.# #.#
#.# #.###.>....#.#
#.# #.#
#.###.###..#.# #.##
#.# ###.....# #..#.#
#..# #.#
....###.###..#.#
##.# #.# #####
#......#.#####.###.#
###.##.#...........#


You could see an orc priest and an orc.

Vanquished Creatures
  Terence (D:2)
  Robin (D:2)
  2 adders
  A dart slug (D:1)
  3 leopard geckos
  2 orcs (D:3)
  2 giant cockroaches (D:1)
  16 goblins
  11 hobgoblins
  A quokka (D:2)
  7 bats
  A frilled lizard (D:1)
  A kobold (D:1)
  4 rats
53 creatures vanquished.

Notes
Turn   | Place    | Note
-------+----------+-------------------------------------------
     0 | D:1      | slep the Demonspawn Fighter began the quest for the Orb.
     0 | D:1      | Reached XP level 1. HP: 18/18 MP: 1/1
   121 | D:1      | Gained mutation: Your flesh is heat resistant. (rF+) [demonic ancestry]
   121 | D:1      | Reached XP level 2. HP: 20/24 MP: 2/2
   663 | D:2      | Found a basalt altar of Yredelemnul.
   690 | D:2      | Gained mutation: You have a pair of small horns on your head. [demonic ancestry]
   690 | D:2      | Reached XP level 3. HP: 29/29 MP: 3/3
   974 | D:2      | Noticed Terence
  1050 | D:3      | HP: 2/43 [poisoned by an adder]
  1051 | D:3      | Reached skill level 5 in Fighting
  1051 | D:3      | Reached XP level 4. HP: 3/39 MP: 3/9
  1178 | D:3      | Noticed Papajoes's ghost (weakling VSBe)
  1209 | D:2      | Killed Terence
  1209 | D:2      | Gained mutation: You are immune to clouds of flame. [demonic ancestry]
  1209 | D:2      | Reached XP level 5. HP: 24/44 MP: 10/10
  1400 | D:2      | Found a radiant altar of Vehumet.
  1536 | D:2      | Noticed Robin
  1540 | D:2      | Killed Robin
  1681 | D:3      | Killed from afar by an orc priest

Vault maps used:
D:1:      dpeg_arrival_rooms_c
D:2:      lemuel_doored_altar, marbit_many_paths, uniq_terence, uniq_robin

Skill      XL: |  1  2  3 |
---------------+----------+-----
Polearms       | 2 4 |  4.4
Armour         | 3 4 |  4.8
Shields        | 3 4 |  4.8
Fighting       | 5 |  5.1
Throwing       | 3 |  3.3
Dodging        | 3 |  3.3
Spellcasting   | 3 |  3.3

Action                   |  1- 3 |  4- 6 || total
-------------------------+-------+-------++-------
Melee: Trident           |   139 |    95 ||   234
       Headbutt          |     4 |    16 ||    20
  Use: Potion            |     2 |     1 ||     3
  Eat: Chunk             |       |     3 ||     3
Armor: Scale mail        |    40 |    22 ||    62
Dodge: Dodged            |    44 |    19 ||    63
Block: Shield            |    71 |    32 ||   103

Table legend:
 A = Spawn XP
 B = Non-spawn XP
 C = Spawn XP percentage of total XP
 D = Spawn monster count
 E = Non-spawn monster count
 F = Spawn count percentage of total count
 G = Total turns spent on level
                    A         B        C        D         E        F      G
               +---------+---------+-------+---------+---------+-------+---------
         Total |       0 |     173 |   0.0 |       0 |      53 |   0.0 |  1681
               +---------+---------+-------+---------+---------+-------+---------
           D:1 |       0 |      40 |   0.0 |       0 |      22 |   0.0 |   663
           D:2 |       0 |     106 |   0.0 |       0 |      24 |   0.0 |   749
           D:3 |       0 |      27 |   0.0 |       0 |       7 |   0.0 |   269
               +---------+---------+-------+---------+---------+-------+---------
